 Dungeon Crawl Stone Soup version 0.26-a0-651-gb41185065b (webtiles) character file.

Game seed: 17364682731349459565

9 Lanoc the Charlatan (level 2, -1/23 HPs)
             Began as a Minotaur Artificer on Oct 8, 2020.
             Killed from afar by Natasha (7 damage)
             ... with a magic dart
             ... on level 2 of the Dungeon.
             The game lasted 00:00:52 (736 turns).

Lanoc the Charlatan (Minotaur Artificer)             Turns: 736, Time: 00:00:53

Health: -1/23      AC:  3    Str: 16    XL:     2   Next: 6%
Magic:  1/1        EV: 11    Int:  8    God:
Gold:   0          SH:  0    Dex: 10    Spells: 1/1 levels left

rFire    . . .     SeeInvis .   a - +0 club
rCold    . . .     Faith    .   (no shield)
rNeg     . . .     Spirit   .   b - +0 leather armour
rPois    .         Reflect  .   (helmet restricted)
rElec    .         Harm     .   (no cloak)
rCorr    .         Rampage  .   (no gloves)
MR       .....                  (no boots)
Stlth    +.........             (no amulet)
HPRegen  0.07/turn              (no ring)
MPRegen  0.07/turn              (no ring)

@: slowed, very slow
A: retaliatory headbutt, horns 2
a: no special abilities


You were on level 2 of the Dungeon.
You visited 1 branch of the dungeon, and saw 2 of its levels.

Inventory:

Hand Weapons
 a - a +0 club (weapon)
Armour
 b - a +0 leather armour (worn)
Wands
 c - a wand of flame (13)
 d - a wand of enslavement (15)
 e - a wand of random effects (15)
Scrolls
 f - a scroll of magic mapping {unknown}
 g - a scroll of immolation {unknown}


   Skills:
 + Level 1.5 Fighting
 + Level 2.6 Armour
 + Level 1.4 Dodging
 - Level 0.7 Stealth
 * Level 2.9 Evocations


You had one spell level left.
You didn't know any spells.
Your spell library was empty.

Dungeon Overview and Level Annotations

Branches:
Dungeon (2/15)

Altars:

Annotations:
D:2 Natasha


Innate Abilities, Weirdness & Mutations

You reflexively headbutt those who attack you in melee.
You have a pair of horns on your head.


Message History

The crimson imp shouts, "Away with thee, thou twisted dread-bolted bugbear!"
Natasha mumbles some strange words.
Natasha shimmers violently.
Natasha closely misses you.
The crimson imp blinks!
Natasha claws you.
You closely miss Natasha. You headbutt Natasha!
Natasha is almost dead.
Natasha claws you.
You hit Natasha. Your headbutt misses Natasha.
Natasha is almost dead.
Natasha claws you.
Natasha casts a spell.
The crimson imp hits you.
* * * LOW HITPOINT WARNING * * *
You barely miss Natasha.
Natasha is almost dead.
Natasha claws you but does no damage. The crimson imp barely misses you.
You furiously retaliate!
You headbutt the crimson imp.
Natasha stares at you and mumbles some strange words.
The magic dart hits you!
You die...

.# ># ..# ># # #.# .# .#
#.# ##.##..# #.#
##############..)#?.# # #..
.....5h@..)..†(#....#
#..###.########5.######..(#
..................#
####.##.# #.# ####...#
#.......# #.# #...#
#..###### #†#####
#...###..# #<#...##
#..#.##..#
.#####......###...###..#
.......÷..#............#


You could see Natasha, a crimson imp (summoned) and a white imp (summoned).

Vanquished Creatures
  A leopard gecko (D:2)
  A giant cockroach (D:2)
  A goblin (D:2)
  A hobgoblin (D:1)
  A kobold (D:1)
  A frilled lizard (D:2)
  2 rats
8 creatures vanquished.

Notes
Turn   | Place    | Note
-------+----------+-------------------------------------------
     0 | D:1      | Lanoc the Minotaur Artificer began the quest for the Orb.
     0 | D:1      | Reached XP level 1. HP: 16/16 MP: 0/0
   718 | D:2      | Reached XP level 2. HP: 23/23 MP: 1/1
   728 | D:2      | Noticed Natasha
   732 | D:2      | Noticed a crimson imp
   736 | D:2      | Killed from afar by Natasha

Illustrated notes

Levels and vault maps discovered:
D:1:      dpeg_arrival_signposts, layout_loops_ring
D:2:      layout_loops_ring, minmay_tromino_v4_c, uniq_natasha, uniq_robin

Action                   || total
-------------------------++-------
Melee: Club              ||    29
       Headbutt          ||     6
Evoke: Wand              ||     2
Armor: Leather armour    ||     8
Dodge: Dodged            ||    18

Table legend: (Time is in decaauts)
 A = Elapsed time spent in this place.
 B = Non-inter-level travel time spent in this place.
 C = Inter-level travel time spent in this place.
 D = Time resting spent in this place.
 E = Time spent auto-exploring this place.
 F = Levels seen in this place.
 G = Mean time per level.
                   A        B        C        D        E       F      G
               +--------+--------+--------+--------+--------+-----+--------+
         Total |    747 |    747 |      0 |    276 |    381 |   2 |  373.5 |
       Dungeon |    747 |    747 |      0 |    276 |    381 |   2 |  373.5 |
               +--------+--------+--------+--------+--------+-----+--------+

Top non-repeatable levels by time:
     D:1: 382 daAuts
     D:2: 364 daAuts
